 Dungeon Crawl Stone Soup version 0.21.1-1-g345015f (webtiles) character file.

119 aMcNicky the Covered (level 5, 0/43 HPs)
             Began as a Barachi Fighter on Mar 15, 2018.
             Succumbed to an adder's poison
             ... on level 3 of the Dungeon.
             The game lasted 00:04:37 (1591 turns).

aMcNicky the Covered (Barachi Fighter)              Turns: 1591, Time: 00:04:37

Health: 0/43       AC:  9    Str: 18    XL:     5   Next: 3%
Magic:  5/5        EV:  7    Int:  9    God:
Gold:   96         SH:  9    Dex: 11    Spells: 4/4 levels left

rFire    . . .     SeeInvis .   a - +0 long sword
rCold    . . .     Gourm    .   c - +0 shield
rNeg     . . .     Faith    .   b - +0 scale mail
rPois    .         Spirit   .   n - +0 helmet
rElec    .         Reflect  .   (no cloak)
rCorr    .         Harm     .   (no gloves)
MR       .....                  m - +0 pair of boots
Stlth    ..........             (no amulet)
HPRegen  0.14/turn              h - ring of flight
MPRegen  0.09/turn              (no ring)

@: lethally poisoned (0 -> -5), can't hop, slow
A: +LOS, swims, slowness 1, strong legs 1
a: Hop, Evoke Flight


You were on level 3 of the Dungeon.
You were not hungry.

You visited 1 branch of the dungeon, and saw 3 of its levels.

You collected 96 gold pieces.

Inventory:

Hand Weapons
 a - a +0 long sword (weapon)
Missiles
 s - a throwing net (quivered)
Armour
 b - a +0 scale mail (worn)
 c - a +0 shield (worn)
 m - a +0 pair of boots (worn)
 n - a +0 helmet (worn)
Jewellery
 h - a ring of flight (left hand)
Wands
 p - a wand of random effects (24)
Scrolls
 g - 3 scrolls of remove curse {@r2}
 k - 3 scrolls of identify {@r1}
 l - 2 scrolls of random uselessness {unknown}
 o - 2 scrolls of enchant weapon {unknown}
Potions
 d - a potion of might
 e - a potion of mutation
 i - 2 potions of flight {unknown}
 j - a potion of magic {unknown}
 q - a potion of cancellation {unknown}
Comestibles
 f - 2 rations
 r - 5 chunks of flesh


   Skills:
 + Level 4.3 Fighting
 * Level 4.2 Long Blades
 + Level 4.4 Armour
 + Level 4.0 Shields


You had 4 spell levels left.
You didn't know any spells.

Dungeon Overview and Level Annotations

Branches:
Dungeon (3/15)

Altars:


Innate Abilities, Weirdness & Mutations

Shadows flee at your approach. (+LOS)
You can swim through water.
You cover ground slowly.
You can hop short distances.


Message History

You block the adder's attack.
You feel sick. The adder bites you but does no damage.
A rat comes into view.
You feel sick. The adder bites you but does no damage.
Found a stone staircase leading up.
An orc comes into view. It is wielding a flail.
The orc shouts!
Found a buckler.
A giant cockroach and an orc come into view.
The orc shouts!
The adder bites you.
* * * LOW HITPOINT WARNING * * *
You block the rat's attack. x2; The adder bites you.
* * * LOW HITPOINT WARNING * * *
You are more poisoned.
The adder poisons you!
* * * LOW HITPOINT WARNING * * *
You feel sick.
There is a stone staircase leading up here.
You die...

... #.#. ............
..... #... ............
...... #..# #.#.#.###...
.....###..###...#.###...
............o...........
###........hha........oo
+.......hh#.#.#.#.###.#.
.###.#.##Sr#.#.#.h.# #.#.
........@..#h#h#o..###'#.
..##.#o##.w#.#.#h........
.o.............oo.... ...
................... ....
...........#..o.... #..
.....###.#.#....... #.
#.....# #.#.#....... .
.....# #.#.#..%....
.#+#+# #.#.##..#+#.


You could see a worm, an orc priest, an adder, 2 orcs, 3 jackals and a rat.

Vanquished Creatures
  Terence (D:3)
  3 adders (D:2)
  2 worms
  4 dart slugs
  2 leopard geckos (D:1)
  7 bats
  3 giant cockroaches
  2 goblins (D:1)
  11 hobgoblins
  7 kobolds
  A quokka (D:3)
  2 frilled lizards (D:1)
  7 rats
52 creatures vanquished.

Notes
Turn   | Place    | Note
-------+----------+-------------------------------------------
     0 | D:1      | aMcNicky the Barachi Fighter began the quest for the Orb.
     0 | D:1      | Reached XP level 1. HP: 18/18 MP: 1/1
    26 | D:1      | Reached XP level 2. HP: 23/25 MP: 2/2
   116 | D:1      | Reached XP level 3. HP: 23/30 MP: 3/3
   709 | D:2      | Reached XP level 4. HP: 34/37 MP: 4/4
  1420 | D:3      | Noticed Terence
  1433 | D:3      | Killed Terence
  1513 | D:3      | Reached XP level 5. HP: 43/43 MP: 5/5
  1589 | D:3      | HP: 2/43 [adder (1)]
  1591 | D:3      | Succumbed to an adder's poison

Skill      XL: |  1  2  3  4 |
---------------+-------------+-----
Armour         | 4 |  4.4
Long Blades    | 3 4 |  4.2
Fighting       | 4 |  4.3
Shields        | 4 |  4.0

Action                   |  1- 3 |  4- 6 || total
-------------------------+-------+-------++-------
Melee: Long sword        |    96 |    72 ||   168
 Abil: Hop               |       |     1 ||     1
  Use: Scroll            |       |     2 ||     2
  Eat: Ration            |       |     1 ||     1
       Chunk             |       |     1 ||     1
Armor: Scale mail        |    49 |    35 ||    84
Dodge: Dodged            |    43 |    28 ||    71
Block: Shield            |    65 |    37 ||   102
       Rpst.: Long sword |    14 |     8 ||    22
